Description

This build order start like a standard StarGate Opening in PvZ. It's a 8 adepts pressure (around 4,40) into a constant pressure with them.

You can add a dark shrine before your timing attack for an all-in version.

This replay comes from a Tournament: MaNa vs Elazer.

VOD

https://youtu.be/bcQ-Gi8fpB4

Replay - AGOElazer v LiquidMaNa - Nightshade LE

Build Order

Get SALT Encoding   

  12  0:00  Probe  
  13  0:15  Pylon  
  13  0:17  Probe (Chrono Boost)  
  14  0:26  Probe x2 (Chrono Boost)  
  16  0:39  Gateway  
  16  0:43  Probe  
  17  0:50  Assimilator  
  17  0:55  Probe (Chrono Boost)  
  18  1:07  Probe (Chrono Boost)  
  19  1:14  Probe (Chrono Boost)  
  20  1:22  Probe  
  21  1:30  Cybernetics Core  
  21  1:37  Nexus  
  21  1:46  Pylon, Probe  
  22  1:51  Assimilator  
  23  2:03  Adept (Chrono Boost)  
  23  2:06  Warp Gate  
  26  2:26  Adept (Chrono Boost)  
  29  2:32  Twilight Council  
  30  2:46  Pylon  
  30  2:53  Gateway, Adept (Chrono Boost)  
  30  2:56  Robotics Facility  
  33  3:08  Resonating Glaives (Chrono Boost)  
  35  3:24  Gateway x2  
  37  3:41  Warp Prism (Chrono Boost)  
  37  3:48  Pylon  
  41  3:57  Adept x2  
  41  4:01  Pylon  
  44  4:14  Observer (Chrono Boost)  
  45  4:23  Adept x4  
  55  4:33  Immortal  
  59  4:50  Adept  
Spawning Tool Build Advisor. Get it on Overwolf

Go to:

Details

  • Created by: zuka      
  • Published on: May 16, 2020
  • Patch: 4.11.0
Show
View Real Time Build Order
Export as new Build Order

Comments (0)

There are no comments. Be the first!

Create an account to comment!